Map: Zen LE

Players

CoronaVKilla - Winner!

  • Race: Terran Terran
  • League: Silver
  • Spawn Location: 1:00

rawbeartoe

  • Race: Zerg Zerg
  • League: Silver
  • Spawn Location: 7:00

VOD

Have the link to the VOD?

Description

Time

  • Played on: May 10, 2020, 4:47 p.m.
  • Length: 41:36
Show
View Real Time Build Order
Export as new Build Order

CoronaVKilla Terran - Winner!

Build Orders:  

Get SALT Encoding   

  12  0:01  SCV  
  13  0:13  SCV  
  14  0:17  Supply Depot  
  14  0:28  SCV  
  15  0:40  SCV  
  15  0:41  Barracks  
  16  0:52  SCV  
  17  1:02  Barracks  
  17  1:16  Barracks  
  17  1:17  SCV  
  18  1:29  Marine  
  19  1:35  Refinery x2  
  19  1:43  Supply Depot  
  19  1:47  Marine  
  19  1:49  SCV  
  21  1:55  Marine  
  22  2:11  Reaper  
  22  2:13  Marine  
  24  2:20  SCV  
  24  2:22  Reaper  
  26  2:31  Barracks  
  26  2:32  SCV  
  27  2:45  Reaper  
  27  2:46  Reaper  
  24  3:21  Reaper x3  
  26  3:46  Command Center  
  26  3:53  Marine, Reaper x2  
  29  4:18  Reaper  
  30  4:25  Reaper  
  31  4:51  Reaper  
  31  4:52  Marine  
  31  4:53  Reaper  
  31  4:57  Reaper  
  25  5:10  Reaper  
  25  5:14  Factory  
  26  5:23  Reaper  
  26  5:25  Reaper  
  28  5:42  Marine  
  29  5:49  Factory  
  29  5:50  SCV  
  29  5:55  Marine  
  29  5:56  SCV  
  29  5:57  Marine  
  32  6:00  Marine  
  32  6:02  Marine  
  35  6:13  Marine  
  35  6:14  Marine  
  35  6:20  Marine  
  33  6:33  Factory  
  27  7:01  Hellion  
  29  7:10  Factory Tech Lab  
  29  7:15  SCV  
  28  7:27  Hellion  
  30  7:46  Orbital Command  
  30  7:48  Hellion  
  30  7:49  Orbital Command  
  32  7:57  Marine x2  
  34  8:10  Marine  
  34  8:11  Marine  
  36  8:15  Marine  
  37  8:20  SCV  
  38  8:32  SCV  
  39  8:45  Bunker  
  37  9:08  Marine  
  37  9:09  Marine x2  
  38  9:11  Factory Tech Lab  
  38  9:15  Siege Tank  
  41  9:26  Marine x2  
  41  9:27  Marine  
  44  9:44  Marine x2  
  46  9:54  Supply Depot  
  46  10:15  Supply Depot  
  46  10:16  Marine x4, Siege Tank  
  53  10:31  Refinery  
  53  10:32  SCV  
  53  10:34  Refinery  
  54  10:37  Marine x4, SCV  
  54  10:38  Supply Depot  
  59  10:44  Siege Tank  
  62  10:56  Supply Depot  
  62  11:00  SCV x2  
  63  11:12  SCV x2  
  63  11:16  Command Center  
  55  11:24  SCV x2  
  53  11:25  Marine  
  53  11:26  Marine x2  
  53  11:31  Widow Mine  
  58  11:36  SCV x2  
  60  11:43  Marine, Cyclone  
  60  11:44  Marine x2  
  60  11:46  Widow Mine  
  68  11:50  SCV  
  69  12:01  Marine  
  69  12:02  Marine x2  
  69  12:04  Supply Depot  
  69  12:05  Supply Depot  
  69  12:08  Widow Mine  
  74  12:11  Supply Depot  
  74  12:13  SCV  
  75  12:19  Marine x3  
  78  12:34  Cyclone  
  81  12:43  Mag-Field Accelerator  
  81  12:51  Engineering Bay x2  
  81  13:05  Siege Tank  
  84  13:06  Cyclone  
  84  13:07  Marine x3  
  90  13:18  Missile Turret  
  90  13:24  Marine  
  90  13:25  Marine  
  92  13:37  Siege Tank  
  92  13:38  Cyclone  
  92  13:39  Missile Turret  
  92  13:40  Command Center  
  98  13:45  SCV  
  98  13:46  SCV  
  100  13:56  Orbital Command  
  88  15:05  Hellion  
  88  15:07  Cyclone  
  93  15:10  Marine  
  93  15:11  Marine x2  
  96  15:26  Hellion  
  96  15:28  Marine x3  
  99  15:34  SCV x2  
  99  15:35  SCV  
  104  15:38  Starport  
  104  15:39  Cyclone  
  107  15:46  Starport, Marine x3  
  107  15:47  Hellion  
  112  15:58  Refinery x2  
  112  16:03  Marine  
  113  16:04  Marine x2  
  113  16:11  Cyclone  
  118  16:21  Marine  
  118  16:22  Marine x2  
  121  16:43  Cyclone  
  124  17:12  Missile Turret x2  
  124  17:14  Missile Turret  
  124  17:28  Siege Tank  
  127  17:32  Hellion  
  110  17:53  Hellion  
  110  18:00  Cyclone  
  82  18:13  Missile Turret, SCV  
  82  18:14  SCV x3  
  82  18:15  Hellion  
  82  18:16  Missile Turret  
  79  18:25  SCV  
  79  18:26  Viking x2, SCV x3  
  83  18:32  Cyclone  
  83  18:36  Hellion  
  83  18:37  SCV  
  83  18:38  SCV x3  
  82  18:49  SCV  
  82  18:50  SCV x2  
  83  18:56  Viking x2  
  83  18:57  Hellion  
  83  19:02  SCV x2  
  89  19:09  Planetary Fortress  
  84  19:26  Viking x2  
  84  20:08  Viking  
  84  20:24  Marine  
  85  21:01  Marine x2  
  85  21:02  Marine  
  84  21:06  Viking  
  84  21:07  Viking  
  82  21:12  Barracks Tech Lab  
  82  21:19  Marine x2  
  82  21:20  Marine  
  74  21:36  Viking  
  74  21:37  Marine x2, Viking  
  74  21:38  Marine  
  71  21:54  Marine x2  
  71  21:56  Marine  
  71  22:00  Siege Tank  
  77  22:03  Siege Tank  
  77  22:06  Viking  
  77  22:07  Viking  
  82  22:12  Marine x2  
  80  22:32  Siege Tank  
  80  22:36  Viking x2  
  82  22:37  Siege Tank  
  76  23:04  Siege Tank  
  79  23:06  Viking x2  
  79  23:10  Marine, Siege Tank  
  85  23:23  Supply Depot  
  85  23:26  Marine x3, SCV  
  89  23:28  Marine  
  86  23:36  Viking x2  
  86  23:38  SCV  
  71  23:42  Cyclone  
  71  23:44  Marine x3  
  71  23:46  Marine  
  78  23:56  Command Center  
  78  23:59  Command Center  
  78  24:01  Marine x3  
  80  24:04  Marine  
  80  24:06  Viking x2  
  80  24:09  Command Center  
  85  24:14  Cyclone  
  86  24:19  Marine x3  
  86  24:22  Marine  
  89  24:37  Marine x3  
  83  24:39  Marine  
  76  25:11  Marine x3, Cyclone  
  82  25:16  Supply Depot  
  81  25:21  Supply Depot x2  
  81  25:23  Supply Depot  
  81  25:25  Refinery x2  
  81  25:29  Marine x3  
  81  25:32  Engineering Bay  
  84  25:35  Orbital Command  
  84  25:36  Orbital Command  
  84  26:19  Planetary Fortress  
  84  26:39  Marine  
  85  26:40  Marine x2, Orbital Command  
  87  26:55  Orbital Command  
  87  26:57  Marine x2  
  87  26:58  Marine  
  90  27:15  Marine x3  
  93  27:26  Factory Tech Lab  
  93  27:30  Factory Tech Lab  
  93  27:33  Marine x2  
  95  27:37  SCV  
  95  27:40  SCV  
  95  27:41  SCV x3  
  100  27:50  SCV  
  101  27:52  SCV  
  101  27:53  SCV x3  
  105  28:02  SCV  
  105  28:04  SCV  
  105  28:05  SCV x3  
  110  28:14  SCV  
  110  28:16  SCV  
  110  28:17  Marine x3, SCV x3  
  110  28:19  Cyclone  
  121  28:26  Terran Infantry Weapons Level 1, SCV  
  122  28:28  SCV  
  122  28:29  SCV x3  
  126  28:34  Marine  
  126  28:35  Marine x2  
  129  28:52  Marine  
  129  28:53  Marine x2  
  130  29:10  Marine x2  
  130  29:11  Marine  
  125  29:28  Marine x3  
  127  29:32  SCV x5  
  132  29:44  SCV x5  
  137  29:50  Command Center, Marine  
  138  29:57  Supply Depot  
  138  29:59  Supply Depot  
  138  30:00  Supply Depot x2  
  138  30:01  Supply Depot x2  
  138  30:02  Supply Depot  
  138  30:03  Supply Depot  
  138  30:04  Supply Depot  
  138  30:05  Supply Depot  
  138  30:06  Supply Depot  
  138  30:18  Refinery  
  138  30:19  Marine x3, SCV x5  
  146  30:31  SCV x5  
  146  30:33  Liberator  
  146  30:34  Liberator  
  157  30:37  Marine x3  
  160  30:43  SCV x5  
  165  30:54  Marine x3  
  168  31:02  Refinery  
  168  31:06  Command Center  
  168  31:10  Command Center  
  168  31:11  Refinery  
  168  31:12  Marine x3  
  168  31:16  Liberator x2  
  177  31:30  Marine x2  
  162  31:59  Liberator x2  
  168  32:15  Planetary Fortress  
  168  32:19  Command Center  
  168  32:42  Liberator  
  171  32:45  Planetary Fortress x2  
  171  32:49  Liberator  
  174  33:00  Starport  
  174  33:12  SCV x2  
  176  33:13  SCV x3  
  179  33:24  SCV  
  179  33:25  Terran Infantry Armor Level 1, Liberator  
  183  33:31  Armory  
  183  33:40  Fusion Core  
  183  33:41  Armory  
  183  34:05  Planetary Fortress  
  183  34:12  Missile Turret  
  183  34:27  Armory  
  183  34:33  Missile Turret  
  183  34:55  Missile Turret  
  180  35:16  Missile Turret  
  180  35:25  Starport Tech Lab  
  180  35:29  Starport Tech Lab x2  
  180  35:42  Command Center  
  180  35:45  Terran Vehicle Weapons Level 1  
  180  35:47  Terran Ship Weapons Level 1, Missile Turret  
  180  35:49  Weapon Refit  
  180  35:57  Command Center  
  180  36:01  Command Center, Missile Turret  
  148  36:57  Corvid Reactor  
  148  37:00  Battlecruiser  
  160  37:01  Battlecruiser x2  
  160  37:07  SCV  
  167  37:19  SCV  
  168  37:31  SCV  
  169  37:43  SCV  
  167  37:55  SCV  
  167  37:57  Marine  
  167  37:58  Marine x2  
  173  38:05  Battlecruiser, Viking  
  173  38:12  Terran Vehicle Weapons Level 2, Terran Ship Weapons Level 2  
  175  38:15  Marine  
  175  38:16  Marine x2  
  178  38:33  Marine x3  
  181  38:36  Battlecruiser  
  187  38:51  Marine x3  
  190  39:09  Marine x3  
  199  39:10  Battlecruiser  
Show
View Real Time Build Order
Export as new Build Order

rawbeartoe Zerg 

Build Orders: Hatch First 

Get SALT Encoding   

  12  0:14  Drone  
  13  0:23  Drone  
  14  0:29  Overlord  
  14  0:52  Drone  
  15  1:00  Drone  
  16  1:15  Hatchery  
  16  1:18  Spawning Pool  
  14  1:19  Drone  
  14  1:24  Drone  
  16  1:33  Drone  
  17  1:44  Drone  
  18  1:59  Drone  
  19  2:05  Drone  
  20  2:10  Drone  
  21  2:19  Extractor  
  21  2:24  Drone  
  21  2:27  Drone  
  21  2:28  Extractor  
  21  2:29  Queen  
  24  2:36  Zergling x2  
  25  2:37  Queen  
  27  2:45  Spine Crawler  
  26  3:04  Queen  
  27  3:13  Drone  
  28  3:23  Overlord x2  
  28  3:40  Extractor  
  28  3:41  Queen  
  27  3:43  Extractor  
  27  3:48  Drone x3  
  31  3:57  Drone x3  
  34  4:12  Queen  
  36  4:26  Spine Crawler  
  35  4:38  Zergling x8  
  32  4:53  Zergling x12  
  34  5:13  Drone x3  
  34  5:14  Queen  
  39  5:24  Hatchery  
  38  5:28  Metabolic Boost  
  38  5:30  Drone  
  38  5:33  Drone x3  
  42  5:40  Extractor  
  42  5:41  Drone  
  42  5:48  Drone  
  43  6:25  Overlord x2  
  43  6:26  Zergling x2  
  39  6:39  Zergling x2  
  37  6:40  Zergling x8  
  31  7:06  Zergling x6  
  31  7:08  Queen  
  36  7:13  Drone x3, Queen  
  41  7:44  Hatchery  
  40  7:57  Drone x2  
  40  7:58  Drone  
  43  8:00  Drone x6  
  49  8:08  Spine Crawler  
  48  8:17  Drone  
  49  8:20  Drone x3  
  52  8:30  Lair  
  52  8:31  Drone  
  53  8:37  Drone  
  53  8:38  Drone x2  
  56  8:43  Overlord  
  56  8:54  Pneumatized Carapace  
  56  9:05  Drone x3  
  56  9:06  Drone x2  
  61  9:10  Extractor  
  61  9:12  Extractor  
  61  9:13  Drone x2, Queen  
  63  9:21  Drone  
  64  9:30  Drone x3  
  67  9:33  Drone x2  
  69  9:43  Drone x3  
  72  9:50  Drone x5  
  72  9:51  Drone x3  
  80  9:56  Overseer  
  80  9:59  Overlord x3  
  80  10:15  Overlord x2  
  80  10:25  Baneling Nest  
  80  10:26  Zergling x12  
  85  10:37  Extractor  
  85  10:38  Extractor  
  85  10:41  Infestation Pit  
  85  10:42  Drone x3  
  85  10:43  Drone x2  
  87  10:51  Hatchery  
  87  10:57  Hatchery  
  85  11:02  Drone  
  82  11:23  Hive  
  82  11:26  Burrow  
  82  11:28  Centrifical Hooks  
  82  11:31  Baneling x5  
  82  11:36  Roach Warren  
  81  11:41  Hydralisk Den  
  81  11:43  Evolution Chamber  
  79  11:49  Nydus Network  
  79  11:53  Zergling x10  
  79  11:54  Zergling x2  
  84  11:56  Drone  
  84  11:57  Drone x5  
  90  12:11  Drone  
  91  12:18  Spore Crawler  
  90  12:28  Drone  
  90  12:29  Drone x3  
  95  12:30  Drone x2  
  95  12:31  Drone x3  
  99  12:42  Queen x2  
  103  12:47  Evolution Chamber  
  103  12:48  Hatchery  
  102  12:56  Evolution Chamber  
  101  12:59  Spine Crawler  
  100  13:13  Muscular Augments, Glial Reconstitution  
  100  13:16  Zerg Ground Armor Level 1  
  100  13:17  Queen  
  100  13:19  Overseer  
  102  13:26  Overseer  
  102  13:33  Roach x6  
  102  13:34  Roach x6  
  126  13:56  Spire  
  125  14:03  Spire  
  125  14:06  Drone, Hydralisk x6  
  125  14:09  Overlord x4  
  137  14:16  Ravager  
  94  15:22  Lurker Den  
  94  15:25  Lurker Den  
  94  15:26  Zerg Flyer Weapons Level 1  
  94  15:27  Greater Spire  
  92  15:33  Overlord  
  92  15:34  Overlord x4  
  92  15:38  Drone x5  
  92  15:39  Drone x4  
  92  15:41  Drone x3  
  104  15:48  Corruptor x7  
  104  15:49  Corruptor x6  
  130  15:57  Zerg Missile Weapons Level 1  
  130  16:00  Zerg Ground Armor Level 2  
  130  16:05  Tunneling Claws  
  130  16:12  Lair  
  130  16:16  Hydralisk  
  130  16:17  Hydralisk x2  
  136  16:25  Adaptive Talons  
  136  16:26  Seismic Spines  
  136  16:28  Corruptor x2  
  136  16:29  Corruptor x7  
  136  16:30  Corruptor x3  
  160  17:01  Overlord x3  
  160  17:05  Overlord x3  
  160  17:34  Brood Lord x2  
  160  17:35  Brood Lord x6  
  160  17:36  Brood Lord x5  
  91  20:28  Zergling x2, Roach x3  
  96  20:29  Roach x2  
  102  20:39  Lair  
  96  21:01  Roach x5  
  96  21:02  Roach x6  
  115  21:10  Mutalisk x3  
  107  21:50  Mutalisk x3  
  113  21:58  Hatchery  
  112  22:03  Hatchery  
  112  22:06  Hatchery  
  112  22:07  Hatchery x2  
  108  22:12  Zergling x2, Roach x2  
  108  22:13  Roach x2  
  100  22:50  Zergling x10  
  100  22:51  Zergling x14  
  102  22:52  Zergling x14  
  102  22:53  Zergling x2  
  102  23:24  Hatchery  
  96  23:40  Adrenal Glands  
  94  23:52  Hatchery  
  94  23:54  Zergling x8  
  94  23:55  Zergling x14  
  103  23:56  Zergling x2  
  103  24:00  Hatchery  
  104  24:12  Ultralisk Cavern  
  104  24:13  Hydralisk  
  104  24:14  Hydralisk  
  101  24:47  Lurker  
  101  24:48  Lurker  
  101  24:50  Hydralisk x6  
  101  24:51  Hydralisk x4  
  123  24:54  Zerg Flyer Weapons Level 2  
  123  24:55  Zerg Flyer Armor Level 1  
  123  25:15  Drone x2, Queen  
  127  25:30  Drone x3  
  130  25:39  Anabolic Synthesis  
  130  25:49  Ultralisk x2  
  148  25:50  Ultralisk x3  
  148  25:51  Ultralisk x2, Viper  
  148  25:52  Viper  
  172  26:22  Chitinous Plating  
  172  26:24  Ultralisk x2  
  172  26:25  Ultralisk x5  
  172  26:52  Spore Crawler  
  172  26:53  Spore Crawler x2  
  169  26:54  Spore Crawler  
  169  26:55  Spore Crawler x2  
  166  27:14  Baneling x2  
  166  27:50  Hive  
  166  28:05  Viper  
  169  28:07  Infestor x3  
  169  28:08  Infestor x2  
  176  28:58  Hatchery  
  167  29:40  Queen  
  169  29:58  Ultralisk x3  
  190  30:06  Zergling x2  
  191  30:07  Zergling x2  
  192  30:27  Zergling x2  
  193  31:15  Overlord  
  193  31:19  Roach x2  
  192  31:47  Zergling x2  
  193  32:12  Ultralisk  
  193  32:16  Drone  
  193  32:17  Drone x2  
  196  32:24  Lair  
  196  32:55  Lurker  
  197  33:04  Lurker  
  198  33:11  Ravager  
  193  34:42  Ultralisk  
  187  35:35  Ultralisk x2  
  187  35:38  Infestor x5  
  67  36:53  Ultralisk x3  
  85  37:09  Spine Crawler x3  
  80  37:47  Ultralisk  
  56  38:27  Zergling x6  
  56  38:28  Zergling x6  
  61  38:40  Queen  
  63  38:45  Queen  
  62  39:16  Zergling x8, Queen  
  62  39:17  Zergling x10  
  55  39:18  Zergling x10  
  55  39:21  Queen  
  29  40:29  Extractor  
  29  40:32  Extractor  
Tags
 
Matchup
TvZ
Spawn Locations
Cross Positions
Add a new tag
Caveats
  • Supply blocks, unpowered buildings, or Contaminate may cause inaccurate times.
  • Supply counts are checked every 10 seconds.